 Dungeon Crawl Stone Soup version 0.29-a0-2-g12fcac58f8 (webtiles) character file.

Game seed: 15807229501753757308

817 jlumianski the Firebug (level 7, -2/52 HPs)
             Began as a Hill Orc Fire Elementalist on Jan 27, 2022.
             Slain by a black bear (6 damage)
             ... on level 5 of the Dungeon.
             The game lasted 00:32:17 (6461 turns).

jlumianski the Firebug (Hill Orc Fire Elementalist) Turns: 6461, Time: 00:32:18

Health: -2/52      AC:  6    Str: 13    XL:     7   Next: 94%
Magic:  1/12       EV: 27    Int: 15    God:
Gold:   257        SH:  0    Dex: 11    Spells: 10/13 levels left

rFire   . . .      SeeInvis .   A - +3 war axe (elec)
rCold   + . .      Faith    .   (no shield)
rNeg    + . .      Spirit   .   r - +1 leather armour {rC+}
rPois   +          Reflect  .   (no helmet)
rElec   .          Harm     .   (no cloak)
rCorr   .          Rampage  .   D - +1 pair of gloves
Will    .....                   (no boots)
Stlth   ++........              g - amulet of the acrobat
HPRegen 0.17/turn               B - ring of positive energy
MPRegen 0.13/turn               F - ring of poison resistance

@: acrobatic
A: no striking features
a: no special abilities


You were on level 5 of the Dungeon.
You visited 2 branches of the dungeon, and saw 7 of its levels.
You also visited: Sewer.

You collected 257 gold pieces.

Inventory:

Hand Weapons
 f - a +0 short sword
 k - a +3 whip
 o - a +3 vampiric rapier
 q - a +4 scythe of freezing
 v - a +0 dagger of venom
 x - a +0 quarterstaff
 A - a +3 war axe of electrocution (weapon)
Missiles
 b - 75 sling bullets
 c - 238 stones
 w - 5 poisoned darts (quivered)
Armour
 a - a +0 robe
 d - a +0 ring mail
 e - a +0 scale mail
 h - a +0 leather armour
 r - a +1 leather armour of cold resistance (worn)
 D - a +1 pair of gloves (worn)
Jewellery
 g - an amulet of the acrobat (around neck)
 t - an amulet of guardian spirit
 B - a ring of positive energy (left hand)
 F - a ring of poison resistance (right hand)
Wands
 p - a wand of digging (3)
 y - a wand of flame (11)
Scrolls
 i - 5 scrolls of teleportation
 m - 2 scrolls of blinking
 C - a scroll of vulnerability {unknown}
Potions
 j - 2 potions of curing
 l - 4 potions of heal wounds
 n - a potion of lignification
 s - a potion of ambrosia
 u - a potion of haste {unknown}
 z - a potion of might
 E - a potion of attraction {unknown}


   Skills:
 + Level 1.2 Fighting
 - Level 1.1 Short Blades
 * Level 2.7(3.0) Axes
 - Level 1.3(2.0) Maces & Flails
 + Level 2.9 Armour
 + Level 2.6 Dodging
 + Level 2.0 Stealth
 + Level 3.6 Spellcasting
 + Level 2.6 Conjurations
 + Level 5.5 Fire Magic


You had 10 spell levels left.
You knew the following spells:

 Your Spells              Type           Power      Damage    Failure   Level
a - Foxfire               Conj/Fire      60%        2x1d7     4%          1
b - Scorch                Fire           38%        2d6       3%          2

Your spell library contained the following spells:

 Spells                   Type           Power      Damage    Failure   Level
 Conjure Flame            Conj/Fire      15%        6-21      13%         3
 Inner Flame              Hex/Fire       11%        N/A       22%         3
 Flame Wave               Conj/Fire      15%        2d6       41%         4


Dungeon Overview and Level Annotations

Branches:
Dungeon (6/15)             Temple (1/1) D:6           Sewer (visited)

Altars:
Ashenzari
Dithmenos
Elyvilon
Fedhas
Hepliaklqana
Kikubaaqudgha
Makhleb
Nemelex Xobeh
Okawaru
Qazlal
Ru
Sif Muna
Trog
Uskayaw
Vehumet
Wu Jian
Xom
Yredelemnul
Zin
The Shining One


Message History

The black bear claws you but does no damage.
The black bear claws you. The black bear barely misses you.
The black bear claws you. The black bear completely misses you.
Casting: Foxfire (safe; 4% risk of failure)
Confirm with . or Enter, or press ? or * to list all spells.
You conjure some foxfire!
The black bear bites you! The black bear misses you. The black bear claws you.
You barely miss the black bear.
The black bear is severely wounded.
The foxfire hits the black bear but does no damage.
The black bear is severely wounded.
The foxfire hits the black bear.
The black bear is burned terribly!
The black bear is almost dead.
The black bear closely misses you. The black bear barely misses you.
The black bear claws you. The black bear barely misses you. x2
The black bear claws you.
* * * LOW HITPOINT WARNING * * *
Casting: Foxfire (safe; 4% risk of failure)
Confirm with . or Enter, or press ? or * to list all spells.
You miscast Foxfire.
You are very lightly contaminated with residual magic.
Nothing appears to happen.
The black bear misses you.
The black bear closely misses you. x2; The black bear bites you.
* * * LOW HITPOINT WARNING * * *
The black bear claws you.
* * * LOW HITPOINT WARNING * * *
The black bear claws you but does no damage.
The black bear is no longer more vulnerable to fire.
The black bear rages.
There is an open door here.
The black bear completely misses you. x2; The black bear misses you.
The black bear rages.
The black bear completely misses you. x3
The black bear closely misses you. The black bear completely misses you.
The black bear barely misses you.
Your magical contamination has completely faded away.
The black bear bites you.
* * * LOW HITPOINT WARNING * * *
The black bear claws you.
You die...

############# ##### #
#........[@h###### #...#
#######.######....z....######...#
.............+.........'....'...'
........######.........#.####...#
######..#...##.........#.# #...#
# #..#.#.#####'######.# #.### #
#..#.#.# #....# #.# #.#
######..#.#.#######.## #.# #.#
........#.#.........# #.# #.#


You could see a black bear (berserk) and a wight.

Vanquished Creatures
  Sigmund (D:2)
  Eustachio (D:4)
  Pargi (Sewer)
  An ogre (D:4)
  A wight (D:6)
  A jelly (D:5)
  2 hounds
  Ijyb (D:5)
  An iguana (D:5)
  A hound zombie (D:5)
  A gnoll (D:5)
  5 adders
  2 worms
  2 dart slugs
  7 orcs
  5 endoplasms
  5 giant cockroaches
  4 goblins
  2 hobgoblins
  9 jackals
  6 quokkas
  3 ball pythons
  4 bats
  8 frilled lizards
  12 kobolds
  8 rats
94 creatures vanquished.

Vanquished Creatures (others)
  163 foxfires
163 creatures vanquished.

Grand Total: 257 creatures vanquished

Notes
Turn   | Place    | Note
-------+----------+-------------------------------------------
     0 | D:1      | jlumianski the Hill Orc Fire Elementalist began the quest
                  | for the Orb.
     0 | D:1      | Reached XP level 1. HP: 14/14 MP: 3/3
   216 | D:1      | Reached XP level 2. HP: 18/20 MP: 1/4
   252 | D:1      | Learned a level 2 spell: Scorch
   693 | D:2      | Reached skill level 4 in Fire Magic
   693 | D:2      | Reached XP level 3. HP: 26/26 MP: 2/5
  1000 | D:1      | Found a faded altar of an unknown god.
  1522 | D:3      | Reached XP level 4. HP: 33/33 MP: 3/7
  1602 | D:3      | Found a glowing drain.
  1656 | Sewer    | Entered a sewer
  1885 | Sewer    | Noticed Pargi
  1896 | Sewer    | Killed Pargi
  1897 | Sewer    | Reached skill level 1 in Armour
  1897 | Sewer    | Reached XP level 5. HP: 25/38 MP: 0/8
  2379 | D:2      | Noticed Sigmund
  2417 | D:2      | Killed Sigmund
  2418 | D:2      | Reached skill level 1 in Short Blades
  2418 | D:2      | Reached skill level 5 in Fire Magic
  2418 | D:2      | Reached XP level 6. HP: 37/46 MP: 1/10
  4047 | D:4      | Reached XP level 7. HP: 51/51 MP: 7/11
  4114 | D:5      | Entered Level 5 of the Dungeon
  4983 | D:5      | Noticed Eustachio
  5014 | D:4      | Killed Eustachio
  5015 | D:4      | Reached skill level 1 in Fighting
  5015 | D:4      | Reached skill level 1 in Maces & Flails
  5270 | D:5      | Noticed Ijyb
  5278 | D:5      | Killed Ijyb
  5745 | D:5      | Reached skill level 1 in Axes
  5930 | D:6      | Found a staircase to the Ecumenical Temple.
  5949 | Temple   | Entered the Ecumenical Temple
  6461 | D:5      | Slain by a black bear

Illustrated notes

Levels and vault maps discovered:
D:1:      minmay_arrival_solitary_statue, layout_basic, basic_ecumenical_altar
D:2:      layout_basic, uniq_sigmund
D:3:      layout_basic, gup_sewer_entry_spiral
D:4:      layout_rooms, cheibrodos_gnoll_hut
D:5:      layout_basic, uniq_ijyb, uniq_eustachio
D:6:      layout_loops_cross, minmay_temple_entry_slanted,
          uniq_crazy_yiuf_cottage, uniq_grinder
Temple:   mainiacjoe_temple_big_plus

Skill      XL: |  1  2  3  4  5  6  7 |
---------------+----------------------+-----
Fire Magic     | 4 5 |  5.5
Spellcasting   | 2 3 |  3.6
Armour         | 1 2 |  2.9
Conjurations   | 2 |  2.6
Short Blades   | 1 |  1.1
Dodging        | 2 |  2.6
Stealth        | 2 |  2.0
Fighting       | 1 |  1.2
Maces & Flails | 1 |  1.3
Axes           | 2 |  2.7

Action                   |  1- 3 |  4- 6 |  7- 9 || total
-------------------------+-------+-------+-------++-------
Melee: Short sword       |    27 |    19 |       ||    46
       Dagger            |       |    18 |     6 ||    24
       Punch             |       |     1 |       ||     1
       War axe           |       |       |    30 ||    30
       Rapier            |       |       |     2 ||     2
Throw: Stone             |     2 |       |       ||     2
 Cast: Foxfire           |    44 |    37 |    19 ||   100
       Scorch            |     4 |    17 |    17 ||    38
  Use: Scroll            |     1 |     1 |     5 ||     7
       Potion            |       |     3 |       ||     3
 Stab: Sleeping          |     1 |     1 |       ||     2
Armor: Robe              |     9 |       |       ||     9
       Leather armour    |     8 |    21 |    14 ||    43
Dodge: Dodged            |    35 |    39 |    74 ||   148

Table legend: (Time is in decaauts)
 A = Elapsed time spent in this place.
 B = Non-inter-level travel time spent in this place.
 C = Inter-level travel time spent in this place.
 D = Time resting spent in this place.
 E = Time spent auto-exploring this place.
 F = Levels seen in this place.
 G = Mean time per level.
                   A        B        C        D        E       F      G
               +--------+--------+--------+--------+--------+-----+--------+
         Total |   6558 |   6445 |    113 |   1249 |   3408 |   8 |  819.8 |
       Dungeon |   5754 |   5641 |    113 |   1023 |   2989 |   6 |  959.0 |
        Temple |    420 |    420 |      0 |      0 |    375 |   1 |  420.0 |
         Sewer |    383 |    383 |      0 |    226 |     43 |   1 |  383.0 |
               +--------+--------+--------+--------+--------+-----+--------+

Top non-repeatable levels by time:
     D:2: 1402 daAuts
     D:3: 1377 daAuts
     D:1: 1046 daAuts
     D:4: 947 daAuts
     D:5: 888 daAuts
  Temple: 420 daAuts
   Sewer: 383 daAuts
     D:6: 91 daAuts
